 Dungeon Crawl Stone Soup version 0.26-a0-964-g69f9a3b9e2 (webtiles) character file.

Game seed: 13381285607906667572

863 pablito the Magician (level 7, -5/36 HPs)
             Began as a Deep Elf Conjurer on Dec 2, 2020.
             Was an Initiate of Ashenzari.
             Killed by divine providence
             ... invoked by an orc priest
              (9 damage)
             ... on level 5 of the Dungeon.
             The game lasted 00:22:26 (4930 turns).

pablito the Magician (Deep Elf Conjurer)            Turns: 4930, Time: 00:22:26

Health: -5/36      AC:  2    Str: 10    XL:     7   Next: 72%
Magic:  23/29      EV: 13    Int: 25    God:    Ashenzari [......]
Gold:   226        SH:  0    Dex: 13    Spells: 14/21 levels left

rFire    . . .     SeeInvis .   j - staff of conjuration (curse)
rCold    . . .     Faith    +   (no shield)
rNeg     . . .     Spirit   .   a - +0 robe
rPois    .         Reflect  .   (no helmet)
rElec    .         Harm     .   (no cloak)
rCorr    .         Rampage  .   (no gloves)
MR       .....                  (no boots)
Stlth    +.........             n - amulet of faith
HPRegen  0.12/turn              c - ring of magical power
MPRegen  0.21/turn              g - +6 ring of strength

@: confused, lethally poisoned (-5 -> -20)
A: no striking features
a: Curse Item, Renounce Religion


You were on level 5 of the Dungeon.
You worshipped Ashenzari.
Ashenzari was noncommittal.
You visited 1 branch of the dungeon, and saw 5 of its levels.
You also visited: Sewer.

You collected 226 gold pieces.

Inventory:

Missiles
 h - 14 poisoned darts
Armour
 a - a +0 robe (worn)
Magical Staves
 j - a cursed staff of conjuration (weapon)
Jewellery
 c - a ring of magical power (left hand)
 g - a +6 ring of strength (right hand)
 n - an amulet of faith (around neck)
 r - an uncursed ring of protection from cold
Wands
 e - a wand of flame (20)
 k - a wand of acid (11)
 s - a wand of random effects (17)
Scrolls
 p - a scroll of immolation
 q - 2 scrolls of teleportation
 t - a scroll of fear
 u - a scroll of blinking {unknown}
Potions
 d - 2 potions of haste {unknown}
 f - 2 potions of magic
 i - a potion of degeneration {unknown}
 l - 2 potions of heal wounds {unknown}
 m - 2 potions of brilliance {unknown}
 o - a potion of attraction {unknown}


   Skills:
 + Level 0.8 Staves
 + Level 2.7 Dodging
 - Level 6.0 Stealth
 + Level 7.5 Spellcasting
 + Level 7.2 Conjurations
 + Level 0.9 Translocations


You had 14 spell levels left.
You knew the following spells:

 Your Spells              Type           Power        Failure   Level
a - Magic Dart            Conj           ####         1%          1
b - Searing Ray           Conj           ######       1%          2
c - Iskenderun's Mystic   Conj/Tloc      #####...     12%         4

Your spell library contained the following spells:

 Spells                   Type           Power        Failure   Level
 Dazzling Flash           Conj/Hex       #####.       4%          3
 Fulminant Prism          Conj/Hex       #####.....   14%         4


Dungeon Overview and Level Annotations

Branches:
Dungeon (5/15)              Sewer (visited)
 Temple: D:4-7

Altars:
Ashenzari
Makhleb
Yredelemnul


Message History

It is covered in frost.
The centaur shoots an arrow.
The arrow hits you! The arrow freezes you.
An adder comes into view. x2
The centaur shoots an arrow.
The arrow hits you! The arrow freezes you.
The adder hisses angrily.
The searing ray hits the centaur!
You kill the centaur!
An orc priest comes into view. It is wielding a +0 hand axe.
The searing ray misses the orc.
An orc priest comes into view. It is wielding a +0 dagger.
The orc hits you from afar with a +2 trident of venom!
* * * LOW HITPOINT WARNING * * *
You are lethally poisoned!
You are confused.
You feel invigorated.
* * * LOW HITPOINT WARNING * * *
You feel sick.
The orc priest mumbles some strange prayers to Beogh against you.
Beogh smites you!
You die...

####.... ......
#..... o....
#####..... ....
#......... .o.
#####.####.... .S
.............. #o
#######.#.#.....
#†##.........#.####
#.@).#####.......#.
###### ###.###.#.
#...#.#. ###.#.#.
#.#.#. #.#<#.
#.###. #.# #. #.#
#.


You could see 2 orc priests, an adder and an orc.

Vanquished Creatures
  Sigmund (D:4)
  A centaur (D:5)
  2 bullfrogs (Sewer)
  A scorpion (D:4)
  2 howler monkeys
  An orc priest (D:5)
  2 hounds (D:4)
  A bullfrog skeleton (D:4)
  An iguana (D:5)
  3 worker ants
  3 adders
  2 river rats (D:5)
  An ooze (D:2)
  2 dart slugs
  6 leopard geckos
  12 orcs
  13 bats
  12 giant cockroaches
  6 goblins
  3 hobgoblins
  5 jackals
  A quokka (D:3)
  7 ball pythons
  5 frilled lizards
  9 kobolds
  6 rats
108 creatures vanquished.

Notes
Turn   | Place    | Note
-------+----------+-------------------------------------------
     0 | D:1      | pablito the Deep Elf Conjurer began the quest for the Orb.
     0 | D:1      | Reached XP level 1. HP: 10/10 MP: 6/6
   236 | D:1      | Reached XP level 2. HP: 15/15 MP: 4/8
   398 | D:1      | Learned a level 2 spell: Searing Ray
   985 | D:2      | Reached skill level 5 in Conjurations
   985 | D:2      | Reached XP level 3. HP: 19/19 MP: 5/10
  1181 | D:2      | Found a broken altar of Ashenzari.
  1182 | D:2      | You fall into a shaft and drop 2 floors!
  1717 | D:3      | Reached XP level 4. HP: 24/24 MP: 12/12
  1792 | D:3      | Learned a level 4 spell: Iskenderun's Mystic Blast
  2242 | D:4      | Reached skill level 5 in Spellcasting
  2294 | D:4      | Reached XP level 5. HP: 28/28 MP: 14/14
  2320 | D:4      | Found a burning altar of Makhleb.
  2380 | D:4      | Reached XP level 6. HP: 31/32 MP: 6/16
  2656 | D:4      | Noticed Sigmund
  2673 | D:4      | Killed Sigmund
  2674 | D:4      | Reached skill level 5 in Stealth
  3121 | D:2      | Became a worshipper of Ashenzari the Shackled
  3617 | D:5      | Entered Level 5 of the Dungeon
  3672 | D:5      | Reached XP level 7. HP: 36/36 MP: 18/18
  3824 | D:5      | Found a glowing drain.
  3841 | Sewer    | Entered a sewer
  4803 | D:5      | Found a basalt altar of Yredelemnul.
  4929 | D:5      | HP: 1/36 [orc/+2 trident of venom (9)]
  4930 | D:5      | Killed from afar by an orc priest

Illustrated notes

Levels and vault maps discovered:
D:1:      shiori_arrival_oz, layout_basic
D:2:      layout_loops_ring, nicolae_ashenzari_panopticon
D:3:      layout_loops_ring, supply_closet_lemuel
D:4:      layout_rooms, bloody_makhleb, uniq_sigmund
D:5:      layout_basic, lemuel_coloured_pillars_altar,
          yredelemnul_altar_generic, cheibrodos_sewer_entry_sluice,
          minmay_crossroads

Skill      XL: |  1  2  3  4  5  6  7 |
---------------+----------------------+-----
Spellcasting   | 4 5 6 7 |  7.5
Conjurations   | 5 6 7 |  7.2
Stealth        | 3 4 5 6 |  6.0
Staves         | |  0.8
Dodging        | |  2.7
Translocations | |  0.9

Action                   |  1- 3 |  4- 6 |  7- 9 || total
-------------------------+-------+-------+-------++-------
Melee: Staff             |       |     1 |     1 ||     2
 Cast: Magic Dart        |    86 |    55 |    64 ||   205
       Searing Ray       |     5 |    10 |     8 ||    23
Invok: Curse Item        |       |       |     1 ||     1
  Use: Scroll            |     6 |     4 |       ||    10
       Potion            |       |     1 |     1 ||     2
Armor: Robe              |     4 |     1 |     1 ||     6
Dodge: Dodged            |    14 |    11 |    11 ||    36

Table legend: (Time is in decaauts)
 A = Elapsed time spent in this place.
 B = Non-inter-level travel time spent in this place.
 C = Inter-level travel time spent in this place.
 D = Time resting spent in this place.
 E = Time spent auto-exploring this place.
 F = Levels seen in this place.
 G = Mean time per level.
                   A        B        C        D        E       F      G
               +--------+--------+--------+--------+--------+-----+--------+
         Total |   5043 |   4814 |    229 |    170 |   3847 |   6 |  840.5 |
       Dungeon |   4012 |   3783 |    229 |    170 |   3074 |   5 |  802.4 |
         Sewer |   1031 |   1031 |      0 |      0 |    773 |   1 | 1031.0 |
               +--------+--------+--------+--------+--------+-----+--------+

Top non-repeatable levels by time:
   Sewer: 1031 daAuts
     D:3: 982 daAuts
     D:2: 954 daAuts
     D:1: 876 daAuts
     D:4: 805 daAuts
     D:5: 393 daAuts
